 Dungeon Sprint DCSS version 0.20-a0-1089-g3fde505 (webtiles) character file.

8334 potatolord5000 the Protected (level 11, -10/151 HPs)
             Began as a Barachi Fighter on May 3, 2017.
             Was the Champion of Okawaru.
             Mangled by an eight-headed hydra (12 damage)
             ... called by a spriggan druid
             ... in the Dungeon (Sprint VII: "The Pits").
             The game lasted 00:10:43 (1065 turns).

potatolord5000 the Protected (Barachi Fighter)      Turns: 1065, Time: 00:10:44

Health: -10/151    AC: 26    Str: 26    XL:     11   Next: 29%
Magic:  12/17      EV: 17    Int: 12    God:    Okawaru [******]
Gold:   0          SH: 15    Dex: 11    Spells: 10/10 levels left

rFire    . . .     SeeInvis .   t - +2 scimitar (holy)
rCold    . . .     Gourm    .   c - +0 shield
rNeg     . . .     Faith    .   g - +2 plate armour
rPois    .         Spirit   .   (no helmet)
rElec    .         Reflect  .   r - +0 cloak
rCorr    .         Harm     .   v - +0 pair of gloves
MR       .....     NoTele   +   u - +0 pair of boots
Stlth    ..........             (no amulet)
Regen    0.4/turn               b - +3 ring of evasion
MPRegen  0.2/turn               d - +3 ring of intelligence

@: mighty, berserking, heroism, quick
A: +LOS, swims, slowness 1, strong legs 1
a: Hop, Heroism, Finesse, Renounce Religion


You were in the Dungeon.
You worshipped Okawaru.
Okawaru was exalted by your worship.
You were full.

You visited 1 branch

Inventory:

Hand Weapons
 t - a +2 scimitar of holy wrath (weapon)
Missiles
 a - 7 steel javelins (quivered)
Armour
 c - a +0 shield (worn)
 g - a +2 plate armour (worn)
 r - a +0 cloak (worn)
 u - a +0 pair of boots (worn)
 v - a +0 pair of gloves (worn)
Jewellery
 b - a +3 ring of evasion (left hand)
 d - a +3 ring of intelligence (right hand)
Scrolls
 k - a scroll of blinking
 l - 3 scrolls of remove curse
 m - 5 scrolls of amnesia
 n - a scroll of summoning
Potions
 e - 2 potions of heal wounds
 h - 2 potions of brilliance
 i - 4 potions of magic
 j - 2 potions of berserk rage
 q - 6 potions of curing
 s - a potion of might
Comestibles
 f - 8 bread rations
 o - 40 fruits
 p - 6 meat rations


   Skills:
 + Level 14.5(19.5) Fighting
 + Level 14.4(19.4) Long Blades
 + Level 14.5(19.5) Armour
 - Level 8.4(13.4) Dodging
 + Level 13.4(18.4) Shields
 + Level 8.6 Invocations


You had 10 spell levels left.
You didn't know any spells.

Dungeon Overview and Level Annotations

Branches:
Dungeon (1/1)

Altars:
Ashenzari
Cheibriados
Dithmenos
Elyvilon
Fedhas
Gozag
Hepliaklqana
Kikubaaqudgha
Makhleb
Nemelex Xobeh
Okawaru
Qazlal
Ru
Sif Muna
Trog
Uskayaw
Vehumet
Wu Jian
Xom
Yredelemnul
Zin
The Shining One
Beogh
Jiyva
Lugonu


Innate Abilities, Weirdness & Mutations

Shadows flee at your approach. (+LOS)
You can swim through water.
You cover ground slowly.
You can hop short distances.


Message History

The eight-headed hydra completely misses you.
The eight-headed hydra bites you.
* * * LOW HITPOINT WARNING * * *
The eight-headed hydra bites you!
* * * LOW HITPOINT WARNING * * *
The eight-headed hydra completely misses you.
The eight-headed hydra barely misses you.
You block the swamp dragon's attack. The swamp dragon barely misses you.
The swamp dragon tramples you but does no damage.
The blink frog hits you!
* * * LOW HITPOINT WARNING * * *
The blink frog blinks!
You slash the swamp dragon!
The swamp dragon is moderately wounded.
You hit the swamp dragon but do no damage.
The swamp dragon is moderately wounded.
The soldier ant stings you.
* * * LOW HITPOINT WARNING * * *
The blink frog blinks!
The eight-headed hydra bites you!
You die...

'###### '#####
######### .....#
....... .....# .....
....## ####...# ## ##
#')## ###..+...+ .##..#
....###....##'## ....#
....)#....##...##D...#
.....)..[.()...D@..ยง.+
....)#)...##..F##a...#
....###....##+## ....#
#++## ###..+ .##..#
#### ## ##


You could see an eight-headed hydra, a swamp dragon, a blink frog and a soldier
ant.

Vanquished Creatures
  Gastronok (D)
  A death yak (D)
  2 orc high priests (D)
  A spriggan druid (D)
  3 deep elf magi (D)
  An elephant (D)
  A gargoyle (D)
  An orange demon (D)
  A red devil (D)
  A troll (D)
  A tyrant leech (D)
  2 blink frogs (D)
  A wraith (D)
  A wyvern (D)
  3 wargs (D)
  Purgy (D)
  3 orc warriors (D)
  A black bear (D)
  A wolf (D)
  A crimson imp (D)
  A quasit (D)
  An orc priest (D)
  An orc wizard (D)
  2 ufetubi (D)
  An adder skeleton (D)
  2 worms (D)
  9 orcs (D)
  A giant cockroach (D)
  2 jackals (D)
  3 kobolds (D)
  A ball python (D)
  3 frilled lizards (D)
55 creatures vanquished.

Vanquished Creatures (others)
  An orc priest (D)
  An orc (D)
  A bat (D)
3 creatures vanquished.

Grand Total: 58 creatures vanquished

Notes
Turn   | Place    | Note
-------+----------+-------------------------------------------
     0 | D        | potatolord5000 the Barachi Fighter began the quest for the Orb.
     0 | D        | Reached XP level 1. HP: 18/18 MP: 1/1
    56 | D        | Found a bloodstained altar of Trog.
    56 | D        | Found a deep blue altar of Sif Muna.
    56 | D        | Found a viscous altar of Jiyva.
    56 | D        | Found a hazy altar of Hepliaklqana.
    56 | D        | Found an opulent altar of Gozag.
    57 | D        | Found a glowing golden altar of the Shining One.
    57 | D        | Found a glowing silver altar of Zin.
    57 | D        | Found a basalt altar of Yredelemnul.
    57 | D        | Found a shimmering altar of Xom.
    57 | D        | Found an ornate altar of the Wu Jian Council.
    57 | D        | Found a radiant altar of Vehumet.
    57 | D        | Found a sacrificial altar of Ru.
    57 | D        | Found a stormy altar of Qazlal.
    57 | D        | Found an iron altar of Okawaru.
    57 | D        | Found a sparkling altar of Nemelex Xobeh.
    57 | D        | Found a burning altar of Makhleb.
    57 | D        | Found a corrupted altar of Lugonu.
    57 | D        | Found a blossoming altar of Fedhas.
    57 | D        | Found a white marble altar of Elyvilon.
    57 | D        | Found a shadowy altar of Dithmenos.
    57 | D        | Found a snail-covered altar of Cheibriados.
    57 | D        | Found a roughly hewn altar of Beogh.
    60 | D        | Found an ancient bone altar of Kikubaaqudgha.
    60 | D        | Found a hide-covered altar of Uskayaw.
    60 | D        | Found a shattered altar of Ashenzari.
    65 | D        | Became a worshipper of Warmaster Okawaru
    80 | D        | Reached XP level 2. HP: 25/25 MP: 2/2
   454 | D        | Noticed a deep elf mage
   455 | D        | Noticed a wolf
   463 | D        | Killed a wolf
   463 | D        | Reached * piety under Okawaru
   463 | D        | Reached skill level 5 in Long Blades
   463 | D        | Reached skill level 5 in Shields
   463 | D        | Reached XP level 3. HP: 31/34 MP: 2/4
   463 | D        | Reached XP level 4. HP: 37/40 MP: 2/5
   468 | D        | Reached XP level 5. HP: 44/47 MP: 2/7
   481 | D        | Killed a deep elf mage
   481 | D        | Reached ** piety under Okawaru
   481 | D        | Reached *** piety under Okawaru
   481 | D        | Reached skill level 5 in Invocations
   481 | D        | Reached XP level 6. HP: 30/58 MP: 3/10
   481 | D        | Reached XP level 7. HP: 33/64 MP: 3/11
   509 | D        | Noticed a wyvern
   511 | D        | Killed a wyvern
   514 | D        | Noticed a deep elf mage
   514 | D        | Noticed a warg
   527 | D        | Killed a warg
   527 | D        | Reached XP level 8. HP: 72/72 MP: 5/12
   538 | D        | Killed a deep elf mage
   538 | D        | Reached skill level 10 in Fighting
   538 | D        | Reached skill level 10 in Long Blades
   538 | D        | Reached skill level 10 in Armour
   728 | D        | Noticed a red devil
   728 | D        | Noticed a troll
   735 | D        | Killed a red devil
   735 | D        | Reached **** piety under Okawaru
   735 | D        | Reached skill level 10 in Shields
   739 | D        | Killed a troll
   739 | D        | Reached XP level 9. HP: 80/81 MP: 12/14
   877 | D        | Noticed Purgy
   877 | D        | Noticed an orange demon
   877 | D        | Noticed a gargoyle
   882 | D        | Killed Purgy
   882 | D        | Reached skill level 1 in Dodging
   888 | D        | Killed a gargoyle
   894 | D        | Killed an orange demon
   894 | D        | Reached ***** piety under Okawaru
   902 | D        | Noticed an orc high priest
   902 | D        | Noticed an orc high priest
   910 | D        | Noticed a red devil
   912 | D        | Noticed a sixfirhy
   917 | D        | Noticed a sixfirhy
   921 | D        | Noticed a rust devil
   931 | D        | Killed an orc high priest
   931 | D        | Reached skill level 5 in Dodging
   931 | D        | Reached XP level 10. HP: 71/91 MP: 13/15
   940 | D        | Killed an orc high priest
   957 | D        | Noticed Gastronok
   970 | D        | Noticed a deep elf mage
   971 | D        | Killed Gastronok
   971 | D        | Received a gift from Okawaru
   971 | D        | Reached ****** piety under Okawaru
   971 | D        | Received a gift from Okawaru
   978 | D        | Killed a deep elf mage
   984 | D        | Received a gift from Okawaru
   984 | D        | Reached XP level 11. HP: 67/99 MP: 16/16
   985 | D        | Got a faintly glowing ring mail {god gift}
   998 | D        | Identified the +2 ring mail of Intuition {Int+3} (Okawaru gifted it to you in the Dungeon)
  1017 | D        | Noticed a death yak
  1017 | D        | Noticed a spriggan druid
  1034 | D        | Killed a death yak
  1049 | D        | Noticed a swamp dragon
  1052 | D        | Noticed an eight-headed hydra
  1058 | D        | Killed a spriggan druid
  1063 | D        | HP: 3/151 [blink frog (14)]
  1065 | D        | Mangled by an eight-headed hydra

Vault maps used:
D:        pitsprint

Skill      XL: |  1  2  3  4  5  6  7  8  9 10 11 |
---------------+----------------------------------+-----
Fighting       | 4 6 9 11 12 13 14 | 14.5
Long Blades    | 3 5 6 8 9 10 12 13 14 | 14.4
Armour         | 4 6 9 11 12 14 | 14.5
Shields        | 5 8 9 10 11 12 13 | 13.4
Invocations    | 2 3 5 6 7 8 |  8.6
Dodging        | 5 8 |  8.4

Action                   |  1- 3 |  4- 6 |  7- 9 | 10-12 || total
-------------------------+-------+-------+-------+-------++-------
Melee: Long sword        |    18 |    18 |    46 |       ||    82
       Falchion          |    27 |       |       |       ||    27
       Scimitar          |       |       |    40 |    80 ||   120
Invok: Heroism           |       |       |     4 |     2 ||     6
       Finesse           |       |       |       |     1 ||     1
 Abil: Hop               |       |       |     1 |       ||     1
  Use: Potion            |     4 |       |     9 |     3 ||    16
 Stab: Invisible         |       |       |    10 |     3 ||    13
  Eat: Meat ration       |     1 |       |       |       ||     1
Armor: Scale mail        |    41 |       |       |       ||    41
       Plate armour      |    12 |     9 |    22 |    17 ||    60
Dodge: Dodged            |    19 |     5 |    39 |    31 ||    94
Block: Shield            |    45 |     8 |    54 |    34 ||   141
       Rpst.: Falchion   |     3 |       |       |       ||     3
       Long sword        |       |     2 |     4 |       ||     6
       Scimitar          |       |       |     6 |     4 ||    10
